 Dungeon Crawl Stone Soup version 0.28.0 (webtiles) character file.

Game seed: 4610644422525220472

280 Strat the Cudgeller (level 6, -1/51 HPs)
             Began as a Draconian Cinder Acolyte on Feb 18, 2022.
             Was a High Priest of Ignis.
             Slain by a black bear (3 damage)
             ... on level 4 of the Dungeon.
             The game lasted 00:05:35 (3442 turns).

Strat the Cudgeller (Draconian Cinder Acolyte)      Turns: 3442, Time: 00:05:36

Health: -1/51      AC:  6    Str: 17    XL:     6   Next: 5%
Magic:  1/7        EV: 11    Int: 14    God:    Ignis [*****.]
Gold:   163        SH:  0    Dex:  8    Spells: 5/7 levels left

rFire   + . .      SeeInvis .   a - +0 flail
rCold   . . .      Faith    .   (no shield)
rNeg    . . .      Spirit   .   (armour unavailable)
rPois   .          Reflect  .   (helmet restricted)
rElec   .          Harm     .   (no cloak)
rCorr   .          Rampage  .   (no gloves)
Will    .....                   (no boots)
Stlth   +.........              (no amulet)
HPRegen 0.17/turn               (no ring)
MPRegen 0.10/turn               (no ring)

@: very slightly contaminated
A: AC +6, unfitting armour, cold-blooded
a: Renounce Religion, Fiery Armour, Foxfire Swarm, Rising Flame


You were on level 4 of the Dungeon.
You worshipped Ignis.
Ignis was extremely pleased with you.
You visited 1 branch of the dungeon, and saw 4 of its levels.

You collected 163 gold pieces.

Inventory:

Hand Weapons
 a - a +0 flail (weapon)
 b - a +0 hunting sling
 n - a +1 falchion of electrocution
 p - a -1 mace of flaming
Missiles
 e - 58 stones (quivered)
 i - 4 poisoned darts
 j - 5 silver javelins
Jewellery
 l - a ring of see invisible
Scrolls
 d - 2 scrolls of identify {unknown}
 h - a scroll of blinking {unknown}
 k - a scroll of teleportation {unknown}
 m - a scroll of holy word {unknown}
Potions
 c - a potion of haste {unknown}
 f - 3 potions of heal wounds {unknown}
 g - a potion of curing {unknown}
 o - a potion of might {unknown}


   Skills:
 - Level 3.2 Fighting
 + Level 5.5 Maces & Flails
 - Level 1.0 Spellcasting
 - Level 5.0 Fire Magic


You had 5 spell levels left.
You knew the following spells:

 Your Spells              Type           Power      Damage    Failure   Level
a - Scorch                Fire           28%        2d6       4%          2

Your spell library contained the following spells:

 Spells                   Type           Power      Damage    Failure   Level
 Shock                    Conj/Air       0%         1d3       26%         1
 Slow                     Hex            0%         N/A       26%         1
 Confusing Touch          Hex            0%         N/A       61%         3
 Swiftness                Air            0%         N/A       61%         3
 Tukima's Dance           Hex            0%         N/A       61%         3
 Vampiric Draining        Necr           0%         2d6       61%         3
 Airstrike                Air            0%         N/A       95%         4
 Passage of Golubria      Tloc           0%         N/A       95%         4
 Yara's Violent Unravell  Hex/Tmut       0%         3d3       100%        5


Dungeon Overview and Level Annotations

Branches:
Dungeon (4/15)
 Temple: D:4-7

Altars:
Elyvilon

Annotations:
D:3 Sigmund


Innate Abilities, Weirdness & Mutations

Your plain brown scales are hard. (AC +6)
You cannot fit into any form of body armour.
You are cold-blooded and may be slowed by cold attacks.


Message History

You miscast Scorch.
You are very lightly contaminated with residual magic.
Nothing appears to happen.
The black bear barely misses you. The black bear closely misses you.
The black bear claws you.
* * * LOW HITPOINT WARNING * * *
Casting: Scorch (safe; 4% risk of failure)
Confirm with . or Enter, or press ? or * to list all spells.
Flames lash the black bear.
The black bear is burned terribly!
The black bear is almost dead.
The black bear completely misses you. The black bear closely misses you.
The black bear completely misses you. The black bear barely misses you.
The black bear claws you.
* * * LOW HITPOINT WARNING * * *
The black bear barely misses you.
Unknown command.
The black bear rages.
The black bear bites you!
* * * LOW HITPOINT WARNING * * *
The black bear claws you but does no damage.
The black bear misses you.
Okay, then.
You closely miss the black bear.
Your tail-slap misses the black bear.
The black bear is almost dead.
The black bear barely misses you. The black bear claws you.
* * * LOW HITPOINT WARNING * * *
The black bear claws you.
* * * LOW HITPOINT WARNING * * *
You barely miss the black bear.
The black bear is almost dead.
The black bear is no longer more vulnerable to fire.
The black bear bites you.
* * * LOW HITPOINT WARNING * * *
The black bear closely misses you. The black bear barely misses you.
The black bear bites you but does no damage.
The black bear barely misses you.
The black bear claws you but does no damage.
You hit the black bear.
The black bear is almost dead.
The black bear misses you. The black bear claws you.
You die...

#.#.#
#.##.#.#.#.#.#.#.#.#
#.#.#
#.#..........#.#.#.#
#.#.#
#.#..)#.#..#...#.#.#
#.#.#
#.#.....##.#####.#.#
#.#.# #.#(..####...
..#.# #.#.# #.#.(.#
#.### ###.# #.#.#
#.#...## ### #.#
#.#.####.#....########
#.#
...............h@...>#
#.#
#...####.#....######.#
#.# #...# #.######
#...# #.# #...# #.#
#####.#.####.# #...#
#.# #.........##.#
#...# #.#
#.#.#.#.#.##.# #...#
#.#####.........##.#
#...#
#.......#.#.#.#.##.#
#(
#..####..........#.#


You could see a black bear (berserk).

Vanquished Creatures
  An orc priest (D:4)
  2 jellies (D:4)
  An iguana (D:4)
  A gnoll (D:1)
  Robin (D:3)
  7 adders
  A worm (D:3)
  A dart slug (D:4)
  4 orcs (D:4)
  6 bats
  5 endoplasms
  3 giant cockroaches
  14 goblins
  7 hobgoblins
  3 jackals (D:3)
  6 ball pythons
  3 frilled lizards
  4 kobolds
  6 rats
76 creatures vanquished.

Notes
Turn   | Place    | Note
-------+----------+-------------------------------------------
     0 | D:1      | Strat the Draconian Cinder Acolyte began the quest for the
                  | Orb.
     0 | D:1      | Reached XP level 1. HP: 19/19 MP: 2/2
    23 | D:1      | Reached XP level 2. HP: 19/26 MP: 3/3
   325 | D:1      | Found a faded altar of an unknown god.
   965 | D:1      | Reached XP level 3. HP: 31/31 MP: 4/4
  1132 | D:2      | Learned a level 2 spell: Scorch
  1578 | D:2      | Found a white marble altar of Elyvilon.
  2113 | D:3      | Reached XP level 4. HP: 34/38 MP: 5/5
  2168 | D:3      | Reached skill level 5 in Fire Magic
  2371 | D:3      | Noticed Robin
  2553 | D:3      | Killed Robin
  2864 | D:3      | Noticed Sigmund
  2934 | D:4      | Reached XP level 5. HP: 45/45 MP: 6/6
  3030 | D:4      | Noticed a black bear
  3257 | D:4      | Reached skill level 5 in Maces & Flails
  3359 | D:4      | Reached XP level 6. HP: 51/51 MP: 7/7
  3441 | D:4      | HP: 2/51 [black bear (1)]
  3442 | D:4      | Slain by a black bear

Illustrated notes

Levels and vault maps discovered:
D:1:      minmay_arrival_plants_in_alcoves, layout_loops_ring,
          basic_ecumenical_altar, minivault_19, minmay_cupped
D:2:      layout_basic, basic_altar, minmay_misc_feat_doors
D:3:      layout_basic, minivault_14, st_stairs_3, amethyst_killhole,
          hangedman_decor_diamond_cutter, uniq_terence, uniq_robin, uniq_sigmund
D:4:      layout_basic, serial_glass, glass_columns_c, glass_columns_c,
          uniq_blork_the_orc

Skill      XL: |  1  2  3  4  5 |
---------------+----------------+-----
Fire Magic     | 4 5 |  5.0
Maces & Flails | 4 5 |  5.5
Fighting       | |  3.2
Spellcasting   | |  1.0

Action                   |  1- 3 |  4- 6 || total
-------------------------+-------+-------++-------
Melee: Mace              |    93 |    99 ||   192
       Tailslap          |     6 |    11 ||    17
       Punch             |       |     3 ||     3
       Flail             |       |    16 ||    16
 Fire: Hunting sling     |       |    22 ||    22
 Cast: Scorch            |     3 |     8 ||    11
Armor: Skin              |    35 |    62 ||    97
Dodge: Dodged            |    76 |    93 ||   169
